 Dungeon Crawl Stone Soup version 0.32-a0-43-g058985b245 (webtiles) character file.

Game seed: 15249973670367727322

396 jlumianski the Ruffian (level 6, 0/47 HPs)
             Began as a Gnoll Shapeshifter on Feb 4, 2024.
             Was an Initiate of Wu Jian.
             Slain by a river rat (8 damage)
             ... in a sewer.
             The game lasted 00:13:02 (4008 turns).

jlumianski the Ruffian (Gnoll Shapeshifter)         Turns: 4008, Time: 00:13:04

Health: 0/47       AC: -3    Str: 14 (15) XL:     6   Next: 82%
Magic:  9/9        EV:  8    Int:  9      God:    Wu Jian [......]
Gold:   133        SH:  0    Dex: 12      Spells: 9/9 levels left

rFire   . .          .
                       - Unarmed
rCold   . . .        (no shield)
rNeg    . . .        y - +0 chain mail
rPois   .            (helmet currently unavailable)
rElec   .            (cloak currently unavailable)
rCorr   .            (gloves currently unavailable)
SInv    .            (boots currently unavailable)
Will    .....        q - amulet of magic regeneration Stlth
                     (no ring)
HPRegen 0.27/turn    (no ring)
MPRegen 0.51/turn

%: no passive effects
@: beast-form, corroded
A: beast (slay +3), fangs 1, strong nose, distributed training
a: Begin Untransformation, Renounce Religion


You were in a sewer.
You worshipped Wu Jian.
Wu Jian was noncommittal.
You were a hulking beast.
You visited 2 branches of the dungeon, and saw 7 of its levels.
You also visited: Sewer.

You collected 133 gold pieces.

Inventory:

Missiles
 f - 2 poisoned darts (quivered)
 h - 71 stones
 v - a boomerang
Armour
 a - a +0 animal skin
 j - a +0 helmet
 k - a +1 pair of boots
 m - a scarf of repulsion
 r - the +0 ring mail of Uskayaw's Regard {Rampage +Inv Dex-2 Stlth-}
   (You found it on level 2 of the Dungeon)

   Dex-2:     It affects your dexterity (-2).
   +Inv:      It lets you turn invisible.
   Rampage:   It bestows one free step when moving towards enemies.
   Stlth-:    It makes you less stealthy.
 y - a +0 chain mail (worn)
Magical Staves
 z - a staff of conjuration
Jewellery
 q - an amulet of magic regeneration (around neck)
Talismans
 c - a beast talisman
 d - a flux talisman
 e - a talisman of death
Scrolls
 l - a scroll of enchant weapon {unknown}
 n - a scroll of revelation {unknown}
 p - a scroll of teleportation {unknown}
 s - a scroll of identify {unknown}
 t - a scroll of noise {unknown}
 u - a scroll of fog {unknown}
 x - 2 scrolls of brand weapon {unknown}
 A - a scroll of blinking {unknown}
Potions
 b - a potion of lignification
 g - a potion of curing
 i - 2 potions of magic {unknown}
 o - 2 potions of degeneration
 w - a potion of invisibility {unknown}


   Skills:
 + Level 3.4 Fighting
 + Level 2.2 Short Blades
 + Level 2.2 Long Blades
 + Level 2.2 Axes
 + Level 2.2 Maces & Flails
 + Level 2.2 Polearms
 + Level 2.2 Staves
 + Level 2.2 Ranged Weapons
 + Level 2.2 Throwing
 + Level 2.2 Armour
 + Level 5.1 Dodging
 + Level 2.2 Stealth
 + Level 2.2 Shields
 + Level 6.9 Unarmed Combat
 + Level 2.2 Spellcasting
 + Level 1.8 Conjurations
 + Level 1.8 Hexes
 + Level 1.8 Summonings
 + Level 1.8 Necromancy
 + Level 1.8 Translocations
 + Level 1.8 Fire Magic
 + Level 1.8 Ice Magic
 + Level 1.8 Air Magic
 + Level 1.8 Earth Magic
 + Level 1.8 Alchemy
 + Level 2.4 Invocations
 + Level 2.2 Evocations
 + Level 6.8 Shapeshifting


You had 9 spell levels left.
You didn't know any spells.
Your spell library contained the following spells:

 Spells                   Type           Power      Damage    Failure   Level
 Call Canine Familiar     Summ           4%         N/A       100%        3
 Sigil of Binding         Hex            4%         N/A       100%        3
 Dimensional Bullseye     Hex/Tloc       2%         N/A       100%        4


Dungeon Overview and Level Annotations

Branches:
Dungeon (6/15)             Temple (1/1) D:5           Sewer (1/1)

Altars:
Cheibriados
Dithmenos
Elyvilon
Gozag
Makhleb
Nemelex Xobeh
Okawaru
Qazlal
Ru
Sif Muna
Trog
Vehumet
Wu Jian
Xom
Yredelemnul
Zin
The Shining One


Innate Abilities, Weirdness & Mutations

You are a hulking beast.
Your limbs bulge with bestial killing power. (Slay +3)
You have very sharp teeth.
Your uncanny sense of smell can sniff out nearby items.
Your experience applies equally to all skills.


Message History

The river rat is lightly wounded.
The river rat bites you but does no damage.
You barely miss the river rat.
The river rat is lightly wounded.
The endoplasm barely misses you.
You enter the shallow water.
Moving in this stuff is going to be slow.
The river rat bites you! The endoplasm barely misses you.
The river rat attacks as it pursues you!
The river rat bites you. x2
The river rat attacks as it pursues you!
The river rat barely misses you. The jelly hits you but does no damage.
The river rat bites you but does no damage.
The river rat attacks as it pursues you!
The river rat bites you.
You see here a rat corpse.
The jelly attacks as it pursues you! The jelly barely misses you.
The river rat twitches its whiskers.
The river rat bites you but does no damage.
The jelly barely misses you.
You punch the jelly! The acid corrodes you!
Your hands burn!
The jelly is severely wounded.
The jelly barely misses you.
The river rat bites you but does no damage.
You hit the jelly.
Your hands burn!
You punch the jelly, but do no damage.
The jelly is almost dead.
The river rat bites you but does no damage.
The jelly hits you. The acid corrodes you!
You are splashed with acid!
* * * LOW HITPOINT WARNING * * *
You hit the jelly but do no damage.
Your hands burn!
* * * LOW HITPOINT WARNING * * *
The jelly is almost dead.
You hit the jelly but do no damage. The acid corrodes you!
Your hands burn!
* * * LOW HITPOINT WARNING * * *
You bite the jelly, but do no damage.
The jelly is almost dead.
The jelly completely misses you.
The river rat twitches its whiskers.
The river rat bites you!
You die...

#.~. ####
###~.# #.~.##
~.#~.~##.~..~#
~~~~~.#.~~#
#.~~~~~~~##
~~~...~~##
..##~~.J#
##.~~rJ##
#~~..~h.## ∆
.~~.##....###
..~# ##~~~.~##
~~# ##~..~.#
~~ ###~~.#
##..## #~~.#
##..#
##########
#~.#


You could see a jelly, a river rat and an endoplasm.

Vanquished Creatures
  A sky beast (D:6)
  A gnoll sergeant (D:4)
  An orc wizard (D:4)
  Robin (D:2)
  7 gnolls
  2 river rats (Sewer)
  3 adders
  2 dart slugs (D:3)
  3 ribbon worms
  6 orcs
  5 ball pythons
  10 endoplasms
  3 giant cockroaches
  10 goblins
  8 hobgoblins
  2 quokkas (D:2)
  6 bats
  3 frilled lizards
  6 kobolds
  5 rats
85 creatures vanquished.

Notes
Turn   | Place    | Note
-------+----------+-------------------------------------------
     0 | D:1      | jlumianski the Gnoll Shapeshifter began the quest for the
                  | Orb.
     0 | D:1      | Reached XP level 1. HP: 17/17 MP: 1/1
   262 | D:1      | Reached XP level 2. HP: 20/23 MP: 2/2
   265 | D:1      | Found a faded altar of an unknown god.
   626 | D:2      | Noticed Robin
   685 | D:2      | Reached XP level 3. HP: 24/28 MP: 3/3
   780 | D:2      | Killed Robin
   781 | D:2      | Reached skill level 1 in Invocations
   855 | D:2      | Reached skill level 1 in Short Blades
   855 | D:2      | Reached skill level 1 in Long Blades
   855 | D:2      | Reached skill level 1 in Axes
   855 | D:2      | Reached skill level 1 in Maces & Flails
   855 | D:2      | Reached skill level 1 in Polearms
   855 | D:2      | Reached skill level 1 in Staves
   855 | D:2      | Reached skill level 1 in Ranged Weapons
   855 | D:2      | Reached skill level 1 in Throwing
   855 | D:2      | Reached skill level 1 in Armour
   855 | D:2      | Reached skill level 1 in Stealth
   855 | D:2      | Reached skill level 1 in Shields
   855 | D:2      | Reached skill level 1 in Spellcasting
   855 | D:2      | Reached skill level 1 in Evocations
   956 | D:2      | Reached XP level 4. HP: 34/34 MP: 5/5
  1296 | D:2      | Reached skill level 1 in Conjurations
  1296 | D:2      | Reached skill level 1 in Hexes
  1296 | D:2      | Reached skill level 1 in Summonings
  1296 | D:2      | Reached skill level 1 in Necromancy
  1296 | D:2      | Reached skill level 1 in Translocations
  1296 | D:2      | Reached skill level 1 in Fire Magic
  1296 | D:2      | Reached skill level 1 in Ice Magic
  1296 | D:2      | Reached skill level 1 in Air Magic
  1296 | D:2      | Reached skill level 1 in Earth Magic
  1296 | D:2      | Reached skill level 1 in Alchemy
  1414 | D:2      | Identified the +0 ring mail of Uskayaw's Regard {Rampage
                  | +Inv Dex-2 Stlth-}
  1839 | D:3      | Found a basalt altar of Yredelemnul.
  2355 | D:3      | Found a bloodstained altar of Trog.
  2671 | D:3      | Reached XP level 5. HP: 27/40 MP: 7/7
  2936 | D:5      | Entered Level 5 of the Dungeon
  2987 | D:4      | Reached XP level 6. HP: 7/47 MP: 8/8
  3455 | D:4      | Found a shadowy altar of Dithmenos.
  3455 | D:4      | Found a faded altar of an unknown god.
  3463 | D:4      | Found a sparkling altar of Nemelex Xobeh.
  3465 | D:4      | Found a radiant altar of Vehumet.
  3467 | D:4      | Found a glowing golden altar of the Shining One.
  3524 | D:5      | Found a staircase to the Ecumenical Temple.
  3541 | Temple   | Entered the Ecumenical Temple
  3552 | Temple   | Became a worshipper of the Wu Jian Council
  3706 | D:5      | Reached skill level 5 in Dodging
  3791 | D:6      | Noticed a sky beast
  3808 | D:6      | Killed a sky beast
  3830 | D:6      | Found a glowing drain.
  3882 | Sewer    | Entered a sewer
  4008 | Sewer    | Slain by a river rat

Illustrated notes

Levels and vault maps discovered:
D:1:      dpeg_arrival_long_road, layout_basic, shapermc_ecumenical_altar_gd
D:2:      layout_basic, uniq_robin
D:3:      layout_loops_corners, mainiacjoe_overflow_small_starburst,
          nicolae_overflow_hidden_temple, serial_park_tiny_pond
D:4:      layout_basic, chequers_temple_overflow_minitemple
D:5:      layout_basic, lemuel_coloured_pillars_altar,
          minmay_temple_entry_sparse_star, gammafunk_ghost_nasty_kobolds,
          kennysheep_small_square
D:6:      layout_loops_ring, nicolae_uskayaw_dance_studio, portal_sewer_entry_a
Temple:   chequers_temple_sunken
Sewer:    sewer_hellmonk_slimy_pipes

Skill      XL: |  1  2  3  4  5  6 |
---------------+-------------------+-----
Invocations    | 1 2 |  2.4
Short Blades   | 1 2 |  2.2
Long Blades    | 1 2 |  2.2
Axes           | 1 2 |  2.2
Maces & Flails | 1 2 |  2.2
Polearms       | 1 2 |  2.2
Staves         | 1 2 |  2.2
Ranged Weapons | 1 2 |  2.2
Throwing       | 1 2 |  2.2
Armour         | 1 2 |  2.2
Stealth        | 1 2 |  2.2
Shields        | 1 2 |  2.2
Spellcasting   | 1 2 |  2.2
Evocations     | 1 2 |  2.2
Conjurations   | 1 |  1.8
Hexes          | 1 |  1.8
Summonings     | 1 |  1.8
Necromancy     | 1 |  1.8
Translocations | 1 |  1.8
Fire Magic     | 1 |  1.8
Ice Magic      | 1 |  1.8
Air Magic      | 1 |  1.8
Earth Magic    | 1 |  1.8
Alchemy        | 1 |  1.8
Fighting       | 3 |  3.4
Dodging        | 5 |  5.1
Unarmed Combat | |  6.9
Shapeshifting  | |  6.8

Action                     |  1- 3 |  4- 6 || total
---------------------------+-------+-------++-------
  Melee: Unarmed           |    63 |   139 ||   202
         Punch             |     1 |     8 ||     9
         Bite              |     3 |     6 ||     9
  Throw: Dart              |       |     3 ||     3
Ability: Lunge             |       |     6 ||     6
    Use: Potion            |       |     2 ||     2
   Stab: Sleeping          |     3 |       ||     3
 Armour: Animal skin       |    32 |    10 ||    42
         Ring mail         |       |    32 ||    32
         Chain mail        |       |    38 ||    38
  Dodge: Dodged            |    51 |    62 ||   113

Table legend: (Time is in decaauts)
 A = Elapsed time spent in this place.
 B = Non-inter-level travel time spent in this place.
 C = Inter-level travel time spent in this place.
 D = Time resting spent in this place.
 E = Time spent auto-exploring this place.
 F = Levels seen in this place.
 G = Mean time per level.
                   A        B        C        D        E       F      G
               +--------+--------+--------+--------+--------+-----+--------+
         Total |   4018 |   3968 |     50 |    325 |   2470 |   8 |  502.2 |
       Dungeon |   3768 |   3718 |     50 |    254 |   2470 |   6 |  628.0 |
        Temple |    111 |    111 |      0 |     71 |      0 |   1 |  111.0 |
         Sewer |    138 |    138 |      0 |      0 |      0 |   1 |  138.0 |
               +--------+--------+--------+--------+--------+-----+--------+

Top non-repeatable levels by time:
     D:2: 1134 daAuts
     D:3: 984 daAuts
     D:4: 775 daAuts
     D:1: 591 daAuts
     D:6: 144 daAuts
   Sewer: 138 daAuts
     D:5: 137 daAuts
  Temple: 111 daAuts
